 Dungeon Crawl Stone Soup version 0.27.1-35-g4d5d836560 (webtiles) character file.

Game seed: 12903843778809819062

8 Delamore the Sneak (level 2, 0/19 HPs)
             Began as an Octopode Brigand on Apr 25, 2022.
             Slain by a rat (1 damage)
             ... on level 1 of the Dungeon.
             The game lasted 00:00:21 (92 turns).

Delamore the Sneak (Octopode Brigand)                 Turns: 92, Time: 00:00:21

Health: 0/19       AC:  1    Str: 10    XL:     2   Next: 8%
Magic:  2/2        EV: 12    Int: 13    God:
Gold:   6          SH:  0    Dex: 13    Spells: 1/1 levels left

rFire    . . .     SeeInvis .   e - +0 dagger (speed)
rCold    . . .     Faith    .   (no shield)
rNeg     . . .     Spirit   .   (helmet restricted)
rPois    .         Reflect  .   (no amulet)
rElec    .         Harm     .   (no ring)
rCorr    .         Rampage  .   (no ring)
Will     .....                  (no ring)
Stlth    ++++......             (no ring)
HPRegen  0.06/turn              (no ring)
MPRegen  0.08/turn              (no ring)
                                (no ring)
                                (no ring)

@: no status effects
A: almost no armour, amphibious, 8 rings, camouflage 1, gelatinous body 1,
(nimble swimmer 1), tentacles
a: no special abilities


You were on level 1 of the Dungeon.
You visited 1 branch of the dungeon, and saw 1 of its levels.

You collected 6 gold pieces.

Inventory:

Hand Weapons
 a - a +2 dagger
 e - a +0 dagger of speed (weapon)
Missiles
 b - 8 poisoned darts (quivered)
 c - 2 curare-tipped darts
Scrolls
 d - a scroll of magic mapping {unknown}


   Skills:
 - Level 2.0 Fighting
 * Level 2.5 Short Blades
 - Level 2.0 Throwing
 - Level 1.0 Dodging
 + Level 5.5 Stealth


You had one spell level left.
You didn't know any spells.
Your spell library contained the following spells:

 Spells                   Type           Power      Damage    Failure   Level
 Blink                    Tloc           N/A        N/A       43%         2
 Lesser Beckoning         Tloc           0%         N/A       67%         3
 Manifold Assault         Tloc           0%         N/A       100%        5


Dungeon Overview and Level Annotations

Branches:
Dungeon (1/15)

Altars:


Innate Abilities, Weirdness & Mutations

You cannot wear most types of armour.
You are amphibious.
You can wear up to eight rings at the same time.
Your skin changes colour to match your surroundings (Stealth+).
Your rubbery body absorbs attacks. (AC +1, EV +1)
((You are camouflaged near water. (Stealth+)))
You have tentacles for arms and can constrict up to eight enemies at once.


Message History

You are too injured to fight recklessly!
You are too injured to fight recklessly!
You are too injured to fight recklessly!
You are too injured to fight recklessly!
You are too injured to fight recklessly!
You release your grip on the bat.
The bat misses you.
A goblin opens the door.
You swing at nothing.
The bat closely misses you.
You hit the goblin.
You kill the goblin!
You barely miss the bat. Your grab misses the bat.
The bat is severely wounded.
The bat hits you but does no damage.
You hit the bat.
You kill the bat!
The bat hits you but does no damage.
You barely miss the bat. Your grab misses the bat. The bat hits you.
You hit the bat.
You kill the bat!
You have reached level 2!
You closely miss the quokka. You grab the quokka.
You constrict the quokka, but do no damage.
The quokka bites you.
* * * LOW HITPOINT WARNING * * *
You hit the quokka.
The quokka is moderately wounded.
You constrict the quokka, but do no damage.
You hit the quokka.
The quokka is heavily wounded.
You constrict the quokka. The quokka bites you.
* * * LOW HITPOINT WARNING * * *
You hit the quokka.
The quokka is almost dead.
You constrict the quokka, but do no damage.
The quokka misses you.
You hit the quokka but do no damage. You squeeze the quokka.
You kill the quokka!
You hit the rat but do no damage. You grab the rat. You constrict the rat.
The rat bites you.
You die...

##....##.........#
#.8...##....(####...
#<....##.....# ...
#.8...##.....# ..
##.....#.....# ..###> ##
#......)....# #...( ..#
#....######## ...# ...#
####......########..##...#
#.......†.@rg......(..#
##......####.##.....##
+......# #..'......##
#.....## #.#........#
#.....# #.#†#.##.#.#
#.....# ..#..#.) #######
.....#$##.# ####..#.# #
#... ?


You could see a goblin and a rat.

Vanquished Creatures
  A giant cockroach (D:1)
  A quokka (D:1)
  3 bats (D:1)
  3 goblins (D:1)
  A rat (D:1)
9 creatures vanquished.

Notes
Turn   | Place    | Note
-------+----------+-------------------------------------------
     0 | D:1      | Delamore the Octopode Brigand began the quest for the Orb.
     0 | D:1      | Reached XP level 1. HP: 14/14 MP: 1/1
    87 | D:1      | Reached XP level 2. HP: 8/19 MP: 2/2
    92 | D:1      | Slain by a rat

Illustrated notes

Levels and vault maps discovered:
D:1:      mrwooster_arrival_statue, layout_basic,
          ebering_ecumenical_altar_ruins, serial_bayou_pond_a,
          minmay_small_reverse_x

Action                   || total
-------------------------++-------
Melee: Dagger            ||    20
       Constrict         ||     5
       Tentacles         ||     2
 Stab: Sleeping          ||     2
Armor: Skin              ||     3
Dodge: Dodged            ||    11
